 Dungeon Crawl Stone Soup version 0.19.0-11-g3fc08b3 (webtiles) character file.

51 spe3d0 the Covered (level 3, -3/23 HPs)
             Began as a Gargoyle Fighter on Nov 9, 2016.
             Killed from afar by an orc wizard (12 damage)
             ... with a puff of frost
             ... on level 3 of the Dungeon.
             The game lasted 00:01:57 (879 turns).

spe3d0 the Covered (Gargoyle Fighter)                Turns: 879, Time: 00:01:58

Health: -3/23      AC: 10    Str: 24    XL:     3   Next: 81%
Magic:  3/3        EV:  7    Int:  8    God:
Gold:   59         SH:  9    Dex: 10    Spells: 0 memorised, 2 levels left

rFire  . . .     SeeInvis .     a - +0 flail
rCold  . . .     Gourm    .     b - +0 scale mail
rNeg   + . .     Faith    .     c - +0 shield
rPois  ∞         Spirit   .     (no helmet)
rElec  +         Reflect  .     (no cloak)
rCorr  .         Harm     .     (no gloves)
MR     .....                    (no boots)
Stlth  ..........               (no amulet)
                                (no ring)
                                (no ring)

@: mighty
A: negative energy resistance 1, electricity resistance, unbreathing,
petrification resistance, rot immunity, AC +3
a: no special abilities


You were on level 3 of the Dungeon.
You were hungry.

You visited 1 branch of the dungeon, and saw 3 of its levels.

You collected 59 gold pieces.


Innate Abilities, Weirdness & Mutations

You are resistant to torment.
Your stone body is resilient. (AC +3)
You are immune to poison.
You resist negative energy. (rN+)
You are resistant to electric shocks. (rElec)
You can survive without breathing.
You are immune to petrification.
You are immune to rotting.


   Skills:
 - Level 3.2 Fighting
 * Level 2.6 Maces & Flails
 * Level 4.1 Armour
 * Level 4.0 Shields


You had 2 spell levels left.
You didn't know any spells.

Inventory:

Hand Weapons
 a - a +0 flail (weapon)
Armour
 b - a +0 scale mail (worn)
 c - a +0 shield (worn)
Scrolls
 h - a scroll of recharging {unknown}
 i - 3 scrolls of remove curse {unknown}
 j - a scroll of blinking {unknown}
 n - 2 scrolls of random uselessness {unknown}
Potions
 d - a potion of might
 e - a potion of degeneration {unknown}
 m - a potion of ambrosia {unknown}
 o - a potion of berserk rage {unknown}
 p - a potion of heal wounds {unknown}
Comestibles
 f - 2 bread rations {@e1}
 g - 9 chunks of flesh
 k - a beef jerky {@e2}
 l - 7 fruits {@e2}

Dungeon Overview and Level Annotations

Branches:
Dungeon (2/15)

Altars:

#.##.####..###
##.....##.....##
##...[..........##
#................#
#................#
#....(...........##
#.................#
###############...#
.....o{@..#
..#...#.#...#
......l.###....
..#...### ##..
...... . #####


You could see an orc priest and a frilled lizard.


Message History

You are too injured to fight recklessly!
You are too injured to fight recklessly!
You are too injured to fight recklessly!
You are too injured to fight recklessly!
You are too injured to fight recklessly!
You are too injured to fight recklessly!
You are too injured to fight recklessly!
You are too injured to fight recklessly!
You are too injured to fight recklessly!
You are too injured to fight recklessly!
You are too injured to fight recklessly!
You are too injured to fight recklessly!
You are too injured to fight recklessly!
You are too injured to fight recklessly!
You are too injured to fight recklessly!
You are too injured to fight recklessly!
You sock the orc!
You kill the orc!
Something hits you but does no damage.
You hear some strange, mumbled words.
A puff of flame appears from out of thin air!
You block the puff of flame.
Things that are here:
a flail; an orc corpse You closely miss something.
You hear some strange, mumbled words.
A puff of frost appears from out of thin air!
The puff of frost hits you!
Ouch! That really hurt!
You die...

Skill      XL: |  1  2  3 |
---------------+----------+-----
Armour         | 4 |  4.1
Shields        | 4 |  4.0
Fighting       | |  3.2
Maces & Flails | |  2.6

Action                   || total
-------------------------++-------
Melee: Flail             ||   190
  Use: Potion            ||     1
Armor: Scale mail        ||   118
Dodge: Dodged            ||    58
Block: Shield            ||   100

Vault maps used:
D:1:      ncdulo_wetmaze
D:2:      guppyfry_early_lair_pool, uniq_natasha
D:3:      cheibrodos_ashenzari_chains, lemuel_coloured_pillars_altar

Notes
Turn   | Place    | Note
-------+----------+-------------------------------------------
     0 | D:1      | spe3d0 the Gargoyle Fighter began the quest for the Orb.
     0 | D:1      | Reached XP level 1. HP: 14/14 MP: 1/1
    72 | D:1      | Reached XP level 2. HP: 18/19 MP: 2/2
   695 | D:2      | Reached XP level 3. HP: 22/23 MP: 3/3
   721 | D:2      | You fall through a shaft!
   739 | D:3      | Reached skill level 4 in Armour
   869 | D:3      | Reached skill level 4 in Shields
   879 | D:3      | Killed from afar by an orc wizard

Vanquished Creatures
  An adder (D:3)
  A dart slug (D:2)
  A worm (D:2)
  4 orcs (D:3)
  A giant cockroach (D:1)
  5 goblins
  4 hobgoblins (D:1)
  3 jackals (D:3)
  A quokka (D:3)
  2 bats (D:1)
  3 frilled lizards
  A kobold (D:3)
  7 rats
34 creatures vanquished.
